AoeStats
← tavoo

Arabia

509435970Analyzed
1v1 RM · 7d ago on Sep 26, 2026· 19m 20s· 2 players
Game mode
Random Map
Map size
Tiny (2 player)
Population
200
Speed
Normal
Resources
Standard
Victory
Conquest
Starting age
Dark Age
Ending age
Imperial Age
RankedLock teamsTeams togetherTeam positionsShared explorationLock speedFull tech treeHidden civsTurbo modeCheats
Victory
Defeat
🇲🇽 Inca · Mexico
1412
+17
🇦🇷 Tatars · Argentina
1438
-17
tavoo
6:53 Loom
9:31 Feudal Age
9:45 Champi Runner
10:47 Arson
14:34 Fletching
17:55 Padded Archer Armor
18:54 Scale Mail Armor
Pablo0192
8:54 Feudal Age
7:46 Loom
9:25 Double-Bit Axe
18:02 Fletching
Connection lost

Rejoining the realm…

Still unreachable

The connection could not be restored.

Session expired

The server has moved on; the page needs a fresh start.